cohdb
Replays
Latest Replays
All Replays
Popular Replays
Top Player Replays
Match Explorer
How It Works
Community
CoH3 Stats
Reddit
Sign in to upload your games and track your stats! →
Sign in with Steam
Match 43591446
Unlisted
Match 43591446
Overview
Messages
Build Orders
End
Scout Squad
Selects Airborne Battlegroup
Selects Heavy Machine Gun Paradrop
Heavy Machine Gun Paradrop
Scout Squad
Engineer Squad
Heavy Machine Gun Paradrop
Construct Weapon Support Center
Selects Paratrooper Squad Paradrop
Paratrooper Squad Paradrop
Construct Medical Station
Paratrooper Squad Paradrop
Air Support Center
Construct Motor Pool
P-47 Dive Bomb
M24 Chaffee Light Tank
M24 Chaffee Light Tank
M1 Anti-tank Gun Team
P-47 Strafing Run
Grasshopper Recon Run
Scout Squad
M24 Chaffee Light Tank
Double Sortie
Selects Smoke Bombing Run
Selects Supply Drop
P-47 Strafing Run
Grasshopper Recon Run
M24 Chaffee Light Tank
P-47 Dive Bomb
M1 Anti-tank Gun Team
Selects Carpet Bombing Run
P-47 Strafing Run
Air Supremacy
Supply Drop
Engineer Squad
Grasshopper Recon Run
P-47 Strafing Run
Construct Tank Depot
P-47 Strafing Run
P-47 Dive Bomb
M18 Hellcat Tank Destroyer
P-47 Strafing Run
Grasshopper Recon Run
Carpet Bombing Run
Grasshopper Recon Run
Engineer Squad
M4(105) Sherman Bulldozer
Supply Drop
P-47 Strafing Run
Paratrooper Squad Paradrop
Gwangju's Hero Chun Doo-gwang
SxNine
JBQuib
Cpt Darling
0
0
Comments
sign in to comment!
No comments posted yet!